 Dungeon Crawl Stone Soup version 0.29-a0-360-g8ed1089bbe (webtiles) character file.

Game seed: 203773808251605580

30 timneilson the Covered (level 3, -1/23 HPs)
             Began as a Gargoyle Fighter on Apr 28, 2022.
             Killed by nerve-wracking pain
             ... invoked by a shadow imp
             ... summoned by Natasha
              (2 damage)
             ... on level 2 of the Dungeon.
             The game lasted 00:03:00 (1830 turns).

timneilson the Covered (Gargoyle Fighter)           Turns: 1830, Time: 00:03:01

Health: -1/23      AC: 12    Str: 21    XL:     3   Next: 18%
Magic:  3/3        EV:  7    Int:  8    God:
Gold:   90         SH:  4    Dex:  9    Spells: 2/2 levels left

rFire   . . .      SeeInvis .   a - +0 long sword
rCold   . . .      Faith    .   c - +0 buckler
rNeg    + . .      Spirit   .   g - +0 chain mail
rPois   ∞          Reflect  .   (no helmet)
rElec   +          Harm     .   (no cloak)
rCorr   .          Rampage  .   (no gloves)
Will    .....                   (no boots)
Stlth   ..........              (no amulet)
HPRegen 0.07/turn               (no ring)
MPRegen 0.08/turn               (no ring)

@: no status effects
A: sickness immunity, AC +3, negative energy resistance 1, electricity
resistance, torment resistance 1, petrification resistance
a: no special abilities


You were on level 2 of the Dungeon.
You visited 1 branch of the dungeon, and saw 2 of its levels.

You collected 90 gold pieces.

Inventory:

Hand Weapons
 a - a +0 long sword (weapon)
Armour
 c - a +0 buckler (worn)
 g - a +0 chain mail (worn)
 j - a +0 plate armour
Scrolls
 b - a scroll of identify {unknown}
Potions
 d - a potion of might
 e - 2 potions of brilliance
 f - a potion of cancellation {unknown}
 i - 3 potions of haste {unknown}
 l - a potion of curing {unknown}


   Skills:
 + Level 3.4 Fighting
 * Level 2.2 Long Blades
 * Level 3.7 Armour
 + Level 0.4 Dodging
 * Level 3.6 Shields


You had 2 spell levels left.
You didn't know any spells.
Your spell library contained the following spells:

 Spells                   Type           Power      Damage    Failure   Level
 Freeze                   Ice            0%         1d3       99%         1
 Frozen Ramparts          Ice            0%         1d2       100%        3
 Hailstorm                Conj/Ice       0%         3d3       100%        4


Dungeon Overview and Level Annotations

Branches:
Dungeon (2/15)

Altars:

Annotations:
D:2 Natasha


Innate Abilities, Weirdness & Mutations

You are immune to sickness and miasma.
Your stone body is resilient. (AC +3)
You are immune to poison.
You resist negative energy. (rN+)
You are resistant to electric shocks. (rElec)
You are resistant to unholy torment.
You are immune to petrification.


Message History

You see here a +0 whip.
A hobgoblin comes into view.
The hobgoblin shouts!
The hobgoblin throws a boomerang.
The boomerang barely misses you.
Natasha, Servant of Life and Death comes into view.
Natasha drinks a potion.
Natasha's spells are empowered!
The hobgoblin barely misses you.
You hit the hobgoblin.
You kill the hobgoblin!
Natasha casts a spell at you.
You struggle to resist.
Natasha howls an incantation.
Natasha glows brightly for a moment.
Natasha stares at you and mumbles some strange words.
The magic dart hits you.
Found a stone staircase leading down.
Natasha claws you.
You hit Natasha but do no damage.
Natasha mumbles some strange words.
You miss Natasha. Natasha casts a spell at you.
You struggle to resist.
The shadow imp gestures at you. Pain shoots through your body!
You closely miss Natasha. Natasha completely misses you.
The shadow imp gestures at you. Pain shoots through your body!
* * * LOW HITPOINT WARNING * * *
Natasha claws you but does no damage.
You barely miss Natasha. The shadow imp barely misses you.
Natasha casts a spell at you. The magic dart hits you.
* * * LOW HITPOINT WARNING * * *
You hit Natasha but do no damage. The shadow imp closely misses you.
Natasha howls an incantation.
You feel troubled. Natasha barely misses you.
You block the shadow imp's attack. Natasha closely misses you.
The shadow imp gestures at you. Pain shoots through your body!
You die...

#.##.##.########.....
..........[....######.
###.###.#.#####.# #.
#.###.#.# #.# #.
#....(..# #.# ###.
####..#.# #.# #...
#..#.# #.####.#.
.######5.#.# #........
...>...@h#.# ######.#.
########.#.# #...
#.#.############.
#.#............).
#.############### #.#
#.# .#


You could see Natasha (empowered) and a shadow imp (summoned).

Vanquished Creatures
  2 dart slugs (D:1)
  3 giant cockroaches
  3 goblins
  4 hobgoblins
  2 ball pythons (D:1)
  A bat (D:1)
  A frilled lizard (D:1)
  5 kobolds (D:1)
  3 rats
24 creatures vanquished.

Notes
Turn   | Place    | Note
-------+----------+-------------------------------------------
     0 | D:1      | timneilson the Gargoyle Fighter began the quest for the
                  | Orb.
     0 | D:1      | Reached XP level 1. HP: 14/14 MP: 1/1
   476 | D:1      | Reached XP level 2. HP: 10/19 MP: 2/2
  1114 | D:1      | Reached XP level 3. HP: 23/23 MP: 3/3
  1643 | D:2      | Found a faded altar of an unknown god.
  1820 | D:2      | Noticed Natasha
  1828 | D:2      | HP: 1/23 [Natasha/magic dart (3)]
  1830 | D:2      | Killed from afar by a shadow imp

Illustrated notes

Levels and vault maps discovered:
D:1:      dpeg_arrival_circle_labyrinth_a, layout_basic
D:2:      layout_loops_ring, ebering_ecumenical_altar_box,
          kennysheep_generic_room_12, uniq_natasha

Skill      XL: |  1 |
---------------+----+-----
Long Blades    | 2 |  2.2
Fighting       | |  3.4
Armour         | |  3.7
Dodging        | |  0.4
Shields        | |  3.6

Action                   || total
-------------------------++-------
Melee: Long sword        ||    92
  Use: Scroll            ||     3
Armor: Scale mail        ||    35
       Chain mail        ||     4
Dodge: Dodged            ||    46
Block: Buckler           ||    22

Table legend: (Time is in decaauts)
 A = Elapsed time spent in this place.
 B = Non-inter-level travel time spent in this place.
 C = Inter-level travel time spent in this place.
 D = Time resting spent in this place.
 E = Time spent auto-exploring this place.
 F = Levels seen in this place.
 G = Mean time per level.
                   A        B        C        D        E       F      G
               +--------+--------+--------+--------+--------+-----+--------+
         Total |   1860 |   1831 |     29 |    100 |   1474 |   2 |  930.0 |
       Dungeon |   1860 |   1831 |     29 |    100 |   1474 |   2 |  930.0 |
               +--------+--------+--------+--------+--------+-----+--------+

Top non-repeatable levels by time:
     D:1: 1585 daAuts
     D:2: 274 daAuts
